AoeStats
← [taberna] carlos3g

Arena

513533570Analyzed
4v4 RM · 3d ago on Oct 14, 2026· 94m 28s· 8 players
Game mode
Random Map
Map size
Large (8 player)
Population
200
Speed
Normal
Resources
Standard
Victory
Conquest
Starting age
Dark Age
Ending age
Imperial Age
RankedLock teamsTeams togetherTeam positionsShared explorationLock speedFull tech treeHidden civsTurbo modeCheats
Victory
Defeat
🇲🇽 Portuguese · Mexico
854
+13
🇨🇱 Persians · Chile
852
+13
🇲🇽 Franks · Mexico
793
+15
🇹🇷 Turks · Türkiye
764
+40
vs
🇧🇷 Bulgarians · Brazil
799
-15
🇧🇷 Gurjaras · Brazil
798
-15
🇧🇷 Danes · Brazil
769
-14
🇧🇷 Italians · Brazil
747
-13
Juan Carlos Bodoque
3:29 Loom
5:08 Loom
10:44 Feudal Age
11:31 Double-Bit Axe
13:30 Wheelbarrow
12:49 Gold Mining
12:47 Horse Collar
13:18 Town Watch
14:18 Stone Mining
20:24 Castle Age
21:11 Bow Saw
21:41 Gold Shaft Mining
21:09 Heavy Plow
21:37 Hand Cart
23:16 Town Patrol
24:42 Husbandry
24:53 Bloodlines
26:24 Stone Shaft Mining
27:12 Forging
27:09 Scale Barding Armor
29:01 Chain Barding Armor
33:31 Imperial Age
31:38 Caravan
32:30 Iron Casting
32:49 Masonry
33:22 Cavalier
34:43 Plate Barding Armor
35:09 Blast Furnace
35:13 Chemistry
34:43 Architecture
37:05 Two-Man Saw
36:38 Crop Rotation
37:25 Murder Holes
37:52 Ballistics
36:58 Savar
42:15 Citadels
42:27 Conscription
43:20 Fervor
49:41 Kamandaran
50:08 Crossbowman
50:54 Thumb Ring
51:55 Fletching
52:05 Padded Archer Armor
53:26 Bodkin Arrow
53:47 Leather Archer Armor
56:35 Ring Archer Armor
72:38 Guard Tower
74:52 Hoardings
73:53 Light Cavalry
75:31 Capped Ram
76:25 Siege Ram
80:10 Heavy Scorpion
80:11 Onager
80:50 Elite Skirmisher
82:32 Elite War Elephant
89:57 Spies/Treason
TenPacificNW
11:52 Feudal Age
10:09 Loom
13:01 Double-Bit Axe
18:10 Castle Age
16:05 Horse Collar
16:23 Stone Mining
17:35 Gold Mining
18:38 Fletching
19:31 Wheelbarrow
18:42 Town Watch
25:47 Padded Archer Armor
26:05 Bodkin Arrow
27:19 Pikeman
33:15 Imperial Age
31:45 Scale Mail Armor
38:40 Heavy Plow
38:26 Halberdier
38:52 Arson
41:19 Hand Cart
41:05 Town Patrol
41:26 Chain Mail Armor
41:23 Forging
41:20 Scale Barding Armor
41:41 Gambesons
41:17 Man-at-Arms
43:54 Plate Mail Armor
45:24 Elite Organ Gun
47:19 Conscription
48:19 Long Swordsman
54:44 Two-Handed Swordsman
62:03 Bow Saw
62:26 Crop Rotation
74:50 Champion
86:03 Spies/Treason
93:44 Leather Archer Armor
93:29 Bracer
94:05 Iron Casting
93:51 Chain Barding Armor
Arsaavedra23
12:37 Feudal Age
17:17 Castle Age
15:37 Double-Bit Axe
15:52 Stone Mining
16:20 Gold Mining
18:45 Wheelbarrow
26:06 Gold Shaft Mining
29:59 Imperial Age
29:39 Fortified Wall
29:10 Treadmill Crane
29:41 Masonry
31:53 Chemistry
31:09 Bow Saw
31:17 Caravan
36:15 Hand Cart
36:22 Scale Barding Armor
36:28 Forging
36:22 Husbandry
36:01 Cavalier
37:23 Paladin
39:55 Chain Barding Armor
40:11 Iron Casting
41:32 Plate Barding Armor
41:32 Cranequins
41:33 Heavy Mounted Crossbowman
43:37 Fletching
44:48 Blast Furnace
43:52 Padded Archer Armor
43:52 Scale Mail Armor
46:13 Bodkin Arrow
46:36 Leather Archer Armor
59:55 Architecture
61:49 Conscription
60:52 Ordonnance Companies
61:33 Chivalry
69:32 Hoardings
85:26 Spies/Treason
KARTAL
0:30 Loom
12:54 Feudal Age
14:12 Wheelbarrow
13:23 Town Watch
31:34 Castle Age
32:28 Town Patrol
32:43 Hand Cart
32:51 Husbandry
33:07 Thumb Ring
33:23 Scale Barding Armor
33:19 Scale Mail Armor
36:24 Crossbowman
36:58 Fletching
37:19 Forging
37:25 Chain Mail Armor
37:12 Padded Archer Armor
42:48 Caravan
43:20 Coinage
48:48 Imperial Age
47:25 Sipahi
47:34 Chain Barding Armor
46:41 Man-at-Arms
49:29 Long Swordsman
68:04 Guilds
68:27 Banking
76:29 Hoardings
75:19 Elite Janissary
76:39 Conscription
78:08 Two-Handed Swordsman
81:30 Leather Archer Armor
83:25 Champion
86:36 Redemption
JohnnieWalker
10:41 Feudal Age
12:45 Wheelbarrow
16:32 Castle Age
14:57 Horse Collar
16:18 Double-Bit Axe
23:38 Bow Saw
24:01 Gold Mining
24:21 Stone Mining
30:16 Imperial Age
31:03 Gambesons
30:39 Pikeman
31:20 Squires
31:05 Arson
31:46 Forging
31:36 Scale Mail Armor
33:07 Conscription
33:35 Caravan
33:34 Capped Ram
34:39 Bagains
35:30 Iron Casting
35:12 Chain Mail Armor
35:56 Halberdier
38:25 Blast Furnace
38:11 Plate Mail Armor
38:38 Stone Shaft Mining
41:12 Siege Ram
43:30 Onager
56:17 Gold Shaft Mining
56:18 Fletching
56:31 Heavy Plow
65:36 Light Cavalry
66:27 Bloodlines
67:06 Hussar
TheuzzLivee
12:39 Feudal Age
16:55 Castle Age
15:04 Double-Bit Axe
21:01 Scale Barding Armor
26:37 Gold Mining
29:42 Imperial Age
32:11 Bow Saw
35:42 Heavy Camel Rider
36:06 Light Cavalry
36:57 Bloodlines
38:02 Chemistry
38:41 Ballistics
43:02 Forging
42:20 Hussar
48:11 Wheelbarrow
48:55 Fortified Wall
48:42 Murder Holes
54:22 Chain Barding Armor
54:37 Iron Casting
59:58 Hand Cart
61:46 Elite Skirmisher
63:08 Caravan
segfault
3:30 Loom
12:19 Feudal Age
13:57 Double-Bit Axe
15:04 Horse Collar
21:30 Castle Age
20:06 Wheelbarrow
22:18 Stone Mining
22:19 Gold Mining
22:31 Heavy Plow
22:58 Crossbowman
26:17 Stone Shaft Mining
26:18 Treadmill Crane
26:38 Murder Holes
30:30 Imperial Age
28:25 Bow Saw
28:54 Hand Cart
28:27 Town Watch
29:08 Thumb Ring
29:17 Forging
29:11 Padded Archer Armor
29:02 Fletching
31:52 Leather Archer Armor
31:33 Bodkin Arrow
31:45 Arbalester
35:48 Two-Man Saw
36:13 Town Patrol
35:49 Capped Ram
37:13 Bracer
37:43 Ring Archer Armor
36:48 Elite Skirmisher
38:52 Chemistry
42:33 Pikeman
43:14 Squires
43:28 Forging
43:20 Scale Mail Armor
47:54 Elite Genoese Crossbowman
49:08 Chain Mail Armor
49:28 Iron Casting
49:19 Ballistics
60:17 Bloodlines
59:27 Light Cavalry
61:15 Conscription
60:36 Hussar
64:00 Scale Barding Armor
64:56 Blast Furnace
64:28 Plate Mail Armor
[taberna] carlos3g
11:05 Feudal Age
12:57 Horse Collar
13:05 Double-Bit Axe
16:55 Castle Age
15:38 Gold Mining
17:29 Loom
18:56 Bow Saw
18:49 Heavy Plow
28:16 Imperial Age
25:34 Loom
25:35 Town Watch
26:56 Stone Mining
27:42 Gold Shaft Mining
28:40 Forging
28:31 Scale Mail Armor
28:35 Town Patrol
30:39 Squires
30:35 Elite Varangian Guard
32:42 Ballistics
33:00 Iron Casting
32:41 Chain Mail Armor
35:52 Wheelbarrow
36:01 Stone Shaft Mining
36:25 Conscription
35:59 Arson
37:12 Hand Cart
39:04 Siege Engineers
40:21 Plate Mail Armor
40:59 Blast Furnace
41:11 Chemistry
40:38 Fletching
40:49 Padded Archer Armor
41:20 Elite Jomsviking
42:22 Leather Archer Armor
44:27 Bodkin Arrow
45:03 Ring Archer Armor
43:56 Hamask
46:51 Elite Skirmisher
49:47 Bracer
57:55 Pikeman
58:59 Halberdier
Connection lost

Rejoining the realm…

Still unreachable

The connection could not be restored.

Session expired

The server has moved on; the page needs a fresh start.